 Dungeon Crawl Stone Soup version 0.30-a0-465-g8901f6c8b5 (webtiles) character file.

Game seed: 3566819845698079439

220 GiantSquids the Shooter (level 5, -2/30 HPs)
             Began as a Tengu Hunter on Dec 19, 2022.
             Slain by a gnoll
             ... wielding a +0 flail
              (6 damage)
             ... on level 4 of the Dungeon.
             The game lasted 00:03:09 (2254 turns).

GiantSquids the Shooter (Tengu Hunter)              Turns: 2254, Time: 00:03:10

Health: -2/30      AC:  3    Str: 12    XL:     5   Next: 97%
Magic:  6/6        EV: 14    Int:  9    God:
Gold:   126        SH:  0    Dex: 19    Spells: 4/4 levels left

rFire   . . .      SeeInvis .    a - +0 shortbow
rCold   . . .      Faith    .    (shield currently unavailable)
rNeg    . . .      Spirit   .    c - +0 leather armour
rPois   .          Reflect  .    (helmet restricted)
rElec   .          Harm     .    (no cloak)
rCorr   .          Rampage  .    (no gloves)
Will    .....                    (boots unavailable)
Stlth   +++.......               (no amulet)
HPRegen 0.25/turn                (no ring)
MPRegen 0.10/turn                (no ring)

@: flying quickly and evasively, quick
A: beak, talons 3, nimble flight
a: no special abilities


You were on level 4 of the Dungeon.
You visited 1 branch of the dungeon, and saw 4 of its levels.

You collected 126 gold pieces.

Inventory:

Hand Weapons
 a - a +0 shortbow (weapon)
Armour
 c - a +0 leather armour (worn)
Scrolls
 b - 2 scrolls of immolation
 d - 2 scrolls of enchant weapon {unknown}
 f - a scroll of vulnerability {unknown}
 h - a scroll of brand weapon {unknown}
 j - a scroll of blinking {unknown}
 k - 2 scrolls of identify {unknown}
 m - 3 scrolls of teleportation {unknown}
 o - 3 scrolls of magic mapping {unknown}
 q - a scroll of poison {unknown}
 t - a scroll of silence {unknown}
 v - a scroll of amnesia {unknown}
Potions
 e - 3 potions of lignification {unknown}
 g - 2 potions of mutation {unknown}
 i - a potion of invisibility {unknown}
 l - a potion of magic {unknown}
 n - a potion of flight {unknown}
 p - a potion of resistance {unknown}
 r - a potion of degeneration {unknown}
 s - a potion of brilliance {unknown}
 u - a potion of might {unknown}


   Skills:
 - Level 2.0 Fighting
 + Level 6.5 Ranged Weapons
 - Level 2.1 Dodging
 - Level 4.0 Stealth


You had 4 spell levels left.
You didn't know any spells.
Your spell library contained the following spells:

 Spells                   Type           Power      Damage    Failure   Level
 Ensorcelled Hibernation  Hex/Ice        0%         N/A       61%         2
 Spider Form              Tmut/Pois      0%         N/A       83%         3
 Anguish                  Hex/Necr       0%         N/A       99%         4


Dungeon Overview and Level Annotations

Branches:
Dungeon (4/15)
 Temple: D:4-7

Altars:
Qazlal
Ru

Shops:
D:2 =

Annotations:
D:4 Pikel


Innate Abilities, Weirdness & Mutations

You have a beak for a mouth.
You have claws for feet.
Your magical nature lets you fly swiftly and evasively.


Message History

You shoot an arrow. The arrow hits the endoplasm!
You kill the endoplasm!
You reach down and open the door.
There is an open door here.
An endoplasm comes into view.
You shoot an arrow. The endoplasm quivers.
The arrow hits the endoplasm!
You kill the endoplasm!
Found a stone staircase leading down. 2 gnolls come into view.
You shoot an arrow. The arrow hits the gnoll.
The gnoll is moderately wounded.
The gnoll shouts!
You hear an angry hiss.
You shoot an arrow. The arrow hits the gnoll!
The gnoll is severely wounded.
You shoot an arrow. The arrow barely misses the gnoll.
The arrow closely misses the gnoll.
A gnoll comes into view. It is wielding a +0 spear.
You shoot an arrow. The arrow hits the gnoll.
The gnoll is almost dead.
The gnoll hits you from afar with a +0 halberd!
Fire: a) +0 shortbow
Press: ? - help, Q - select action Shift-Dir - straight line, f/p - gnoll
Aim: a gnoll, wielding a +0 halberd (almost dead, 69% to hit)
You shoot an arrow. The arrow hits the gnoll.
You kill the gnoll!
The gnoll throws a throwing net.
The throwing net hits you.
You become entangled in the net!
An iguana comes into view.
You cannot shoot with your shortbow while held in a net.
You struggle against the net.
You struggle against the net.
You tear a large gash into the net.
The gnoll hits you with a +0 flail!
You struggle against the net.
The gnoll closely misses you. The gnoll hits you with a +0 flail!
* * * LOW HITPOINT WARNING * * *
You rip the net and break free!
The gnoll misses you. The gnoll hits you with a +0 flail.
You die...

....... .......## #.......
#......### #...>.... #...g...
#....g.# #........ #@#
#......... #.# #......... #.#
#............ ######+### #.#
#............ #........# #.#
#............ #........#
#.####...........>
###........# #..............
..
#..........##########.........
.
'.....................########
#


You could see 2 gnolls.

Vanquished Creatures
  An ogre (D:4)
  A scorpion (D:4)
  A gnoll (D:4)
  3 adders
  An ufetubus (D:4)
  A worm (D:2)
  A dart slug (D:2)
  7 endoplasms
  2 giant cockroaches
  2 goblins
  2 jackals (D:3)
  A quokka (D:1)
  A ball python (D:2)
  4 bats
  3 frilled lizards
  3 kobolds
  6 rats
40 creatures vanquished.

Vanquished Creatures (others)
  2 fungi (D:2)
  4 plants (D:2)
6 creatures vanquished.

Grand Total: 46 creatures vanquished

Notes
Turn   | Place    | Note
-------+----------+-------------------------------------------
     0 | D:1      | GiantSquids the Tengu Hunter began the quest for the Orb.
     0 | D:1      | Reached XP level 1. HP: 12/12 MP: 2/2
   224 | D:1      | Reached XP level 2. HP: 15/17 MP: 3/3
   427 | D:2      | Found a stormy altar of Qazlal.
   544 | D:2      | Found Lyoshraofy's Jewellery Shop.
   667 | D:2      | Reached skill level 5 in Ranged Weapons
   667 | D:2      | Reached XP level 3. HP: 21/21 MP: 4/4
   685 | D:2      | Found a faded altar of an unknown god.
  1590 | D:3      | Found a sacrificial altar of Ru.
  1594 | D:3      | Reached XP level 4. HP: 26/26 MP: 5/5
  1871 | D:4      | Noticed an ogre
  1879 | D:4      | Killed an ogre
  1880 | D:4      | Gained mutation: Your magical nature lets you fly swiftly
                  | and evasively. [Tengu growth]
  1880 | D:4      | Reached XP level 5. HP: 30/30 MP: 6/6
  1889 | D:4      | Noticed a lemure
  1890 | D:4      | Noticed a lemure
  1892 | D:4      | Noticed a lemure
  1894 | D:4      | Noticed Pikel
  2056 | D:4      | Reached skill level 6 in Ranged Weapons
  2086 | D:4      | Noticed a lemure
  2254 | D:4      | Slain by a gnoll

Illustrated notes

Levels and vault maps discovered:
D:1:      mrwooster_arrival_arrow, layout_rooms, glass_columns_a
D:2:      layout_basic, serial_shops, shop,
          shapermc_ecumenical_altar_mp_urbaneastern, basic_altar
D:3:      layout_loops_corners, old_standard_altar, nrook_mini_vaults
D:4:      layout_basic, uniq_pikel, uniq_sigmund, uniq_ijyb, uniq_robin,
          uniq_grinder

Skill      XL: |  1  2  3  4  5 |
---------------+----------------+-----
Stealth        | 2 3 4 |  4.0
Ranged Weapons | 5 6 |  6.5
Fighting       | |  2.0
Dodging        | |  2.1

Action                   |  1- 3 |  4- 6 || total
-------------------------+-------+-------++-------
 Fire: Shortbow          |    72 |    40 ||   112
Armor: Leather armour    |     5 |     2 ||     7
Dodge: Dodged            |    14 |    11 ||    25

Table legend: (Time is in decaauts)
 A = Elapsed time spent in this place.
 B = Non-inter-level travel time spent in this place.
 C = Inter-level travel time spent in this place.
 D = Time resting spent in this place.
 E = Time spent auto-exploring this place.
 F = Levels seen in this place.
 G = Mean time per level.
                   A        B        C        D        E       F      G
               +--------+--------+--------+--------+--------+-----+--------+
         Total |   2253 |   2198 |     55 |      0 |   1886 |   4 |  563.2 |
       Dungeon |   2253 |   2198 |     55 |      0 |   1886 |   4 |  563.2 |
               +--------+--------+--------+--------+--------+-----+--------+

Top non-repeatable levels by time:
     D:2: 793 daAuts
     D:3: 714 daAuts
     D:1: 392 daAuts
     D:4: 353 daAuts
